 Dungeon Crawl Stone Soup version 0.28-a0-794-gafe8c5f9e9 (webtiles) character file.

Game seed: 760700590984550876

467 kae the Caller (level 7, -4/40 HPs)
             Began as a Tengu Summoner on Nov 5, 2021.
             Blown up by Pikel (17 damage)
             ... with a mindburst bolt
             ... on level 4 of the Dungeon.
             The game lasted 00:03:08 (5979 turns).

kae the Caller (Tengu Summoner)                     Turns: 5979, Time: 00:03:09

Health: -4/40      AC:  4    Str:  8    XL:     7   Next: 8%
Magic:  4/13       EV: 16    Int: 17    God:
Gold:   80         SH:  0    Dex: 15    Spells: 3/12 levels left

rFire   . . .      SeeInvis .   f - +1 trident
rCold   . . .      Faith    .   (no shield)
rNeg    + . .      Spirit   .   a - +0 robe
rPois   .          Reflect  .   (helmet restricted)
rElec   .          Harm     .   (no cloak)
rCorr   .          Rampage  .   i - +1 pair of gloves
Will    .....                   (boots unavailable)
Stlth   ++........              (no amulet)
HPRegen 0.13/turn               l - ring of positive energy
MPRegen 0.13/turn               (no ring)

@: flying quickly and evasively, quick
A: beak, talons 3, nimble flight
a: no special abilities


You were on level 4 of the Dungeon.
You visited 1 branch of the dungeon, and saw 5 of its levels.

You collected 80 gold pieces.

Inventory:

Hand Weapons
 f - a +1 trident (weapon)
Armour
 a - a +0 robe (worn)
 i - a +1 pair of gloves (worn)
Jewellery
 e - a ring of fire
 l - a ring of positive energy (left hand)
Scrolls
 d - a scroll of teleportation
 m - a scroll of amnesia
Potions
 b - 2 potions of heal wounds
 c - 2 potions of resistance
 g - a potion of mutation {unknown}
 h - a potion of curing {unknown}
 j - a potion of ambrosia {unknown}
 k - a potion of lignification {unknown}


   Skills:
 + Level 2.9 Fighting
 + Level 4.0 Dodging
 - Level 2.0 Stealth
 + Level 3.4 Spellcasting
 * Level 7.2 Summonings


You had 3 spell levels left.
You knew the following spells:

 Your Spells              Type           Power      Damage    Failure   Level
a - Summon Small Mammal   Summ           100%       N/A       1%          1
b - Call Imp              Summ           27%        N/A       1%          2
c - Call Canine Familiar  Summ           27%        N/A       2%          3
d - Summon Guardian Gole  Hex/Summ       15%        N/A       11%         3

Your spell library contained the following spells:

 Spells                   Type           Power      Damage    Failure   Level
 Beastly Appendage        Tmut           4%         N/A       17%         1
 Wereblood                Tmut           2%         N/A       26%         2
 Spider Form              Tmut/Pois      2%         N/A       45%         3
 Stone Arrow              Conj/Erth      4%         3d7       45%         3
 Animate Armour           Summ/Erth      30%        N/A       36%         4
 Summon Lightning Spire   Summ/Air       15%        N/A       36%         4
 Lehudib's Crystal Spear  Conj/Erth      1%         10d2      100%        8


Dungeon Overview and Level Annotations

Branches:
Dungeon (5/15)
 Temple: D:4-7

Altars:
Dithmenos
Gozag
Kikubaaqudgha
Okawaru
Ru
Wu Jian
Zin

Annotations:
D:3 Sigmund
D:4 Pikel


Innate Abilities, Weirdness & Mutations

You have a beak for a mouth.
You have claws for feet.
Your magical nature lets you fly swiftly and evasively.


Message History

Your white imp disappears in a puff of smoke!
You closely miss Pikel.
Pikel is heavily wounded.
Pikel hits you with a +0 whip of electrocution.
You barely miss Pikel. You claw Pikel, but do no damage.
Pikel is heavily wounded.
Pikel closely misses you.
You barely miss Pikel. Your peck misses Pikel.
Pikel is heavily wounded.
Pikel misses you.
You hit Pikel but do no damage. You peck Pikel, but do no damage.
Pikel is heavily wounded.
Pikel zaps a wand.
You struggle to resist.
Pikel completely misses you.
You hit Pikel but do no damage.
Pikel is heavily wounded.
Pikel barely misses you.
You barely miss Pikel. You claw Pikel, but do no damage.
Your peck misses Pikel.
Pikel is heavily wounded.
Pikel misses you.
You hit Pikel but do no damage. Your kick misses Pikel. Your peck misses Pikel.
Pikel is heavily wounded.
Pikel hits you with a +0 whip of electrocution.
Pikel misses you.
You are too injured to fight recklessly!
You are too injured to fight recklessly!
You are too injured to fight recklessly!
You are too injured to fight recklessly!
You are too injured to fight recklessly!
You closely miss Pikel. Your kick misses Pikel.
Pikel is heavily wounded.
Pikel hits you with a +0 whip of electrocution!
* * * LOW HITPOINT WARNING * * *
There is a stone staircase leading up here.
Pikel says, "I'm sure the Orcish Mines are around here somewhere..."
An orc comes into view. It is wielding a +0 hand axe.
An orc comes into view. It is wielding a +0 short sword.
The orc shouts!
You hear a shout!
Pikel zaps a wand.
Your mind is blasted!
You die...

#....#.#.>.........
#.#####......#.†####.#..
#.....).....<#.......#.#
.########...#####o######
#
........<........÷.......
######..................
#.....K.....#.#......
######.####.#o#(###..
........@......... .
###..........#.# ..
#..........#.# #..
#.............
#.........##.#
#.........# . #####'#####
#.


You could see Pikel (resistant) and an orc.

Vanquished Creatures
  A scorpion (D:4)
  A howler monkey (D:4)
  A hound skeleton (D:2)
  2 worms (D:3)
  An orc (D:3)
  4 ball pythons
  An endoplasm (D:1)
  5 giant cockroaches
  6 goblins
  A hobgoblin (D:2)
  2 kobolds
  A quokka (D:1)
  5 frilled lizards
  3 rats (D:1)
34 creatures vanquished.

Vanquished Creatures (collateral kills)
  Grinder (D:3)
  Natasha (thrice) (D:3)
  An adder (D:2)
  2 worms (D:2)
  A dart slug (D:1)
  An orc (D:3)
  3 endoplasms
  3 giant cockroaches
  4 goblins
  2 hobgoblins
  7 jackals (D:1)
  2 quokkas
  A ball python (D:2)
  2 bats
  2 kobolds
  3 rats
38 creatures vanquished.

Vanquished Creatures (others)
  2 lemures (D:4)
2 creatures vanquished.

Grand Total: 74 creatures vanquished

Notes
Turn   | Place    | Note
-------+----------+-------------------------------------------
     0 | D:1      | kae the Tengu Summoner began the quest for the Orb.
     0 | D:1      | Reached XP level 1. HP: 10/10 MP: 4/4
   439 | D:1      | Reached skill level 5 in Summonings
   735 | D:1      | Reached XP level 2. HP: 16/16 MP: 4/6
   746 | D:1      | Learned a level 2 spell: Call Imp
  1318 | D:1      | Reached XP level 3. HP: 18/20 MP: 3/7
  1324 | D:1      | Learned a level 3 spell: Call Canine Familiar
  1360 | D:1      | Reached skill level 1 in Fighting
  1759 | D:1      | Found a faded altar of an unknown god.
  2261 | D:2      | HP: 1/20 [poisoned by an adder]
  2761 | D:2      | Reached XP level 4. HP: 17/25 MP: 4/8
  4221 | D:3      | Noticed Sigmund
  4315 | D:3      | Noticed Natasha
  4320 | D:3      | Found a sacrificial altar of Ru.
  4321 | D:3      | Found an ancient bone altar of Kikubaaqudgha.
  4321 | D:3      | Found a glowing silver altar of Zin.
  4325 | D:3      | Killed Natasha
  4326 | D:3      | Reached skill level 6 in Summonings
  4326 | D:3      | Gained mutation: Your magical nature lets you fly swiftly
                  | and evasively. [Tengu growth]
  4326 | D:3      | Reached XP level 5. HP: 19/30 MP: 6/9
  4381 | D:3      | Noticed Natasha
  4387 | D:3      | Killed Natasha
  4538 | D:3      | Noticed Natasha
  4541 | D:3      | Noticed Grinder
  4546 | D:3      | Killed Natasha
  4549 | D:3      | Paralysed by Grinder for 3 turns
  4553 | D:3      | HP: 1/30 [Grinder/nerve-wracking pain (9)]
  4931 | D:3      | Found an opulent altar of Gozag.
  5126 | D:3      | Killed Grinder
  5127 | D:3      | Reached XP level 6. HP: 12/36 MP: 4/11
  5401 | D:3      | Found a shadowy altar of Dithmenos.
  5401 | D:3      | Found an ornate altar of the Wu Jian Council.
  5402 | D:3      | Found an iron altar of Okawaru.
  5626 | D:4      | You are sucked into a shaft and drop 1 floor!
  5626 | D:5      | Entered Level 5 of the Dungeon
  5675 | D:4      | Reached skill level 7 in Summonings
  5943 | D:4      | Reached XP level 7. HP: 31/40 MP: 8/13
  5948 | D:4      | Learned a level 3 spell: Summon Guardian Golem
  5951 | D:4      | Noticed Pikel
  5979 | D:4      | Blown up by Pikel

Illustrated notes

Levels and vault maps discovered:
D:1:      dpeg_arrival_circle_labyrinth_c, layout_basic,
          dreamdust_ecumenical_altar_angels_and_demons
D:2:      layout_loops_cross
D:3:      layout_rooms, grunt_temple_overflow_open, overflow_temple_1_default,
          grunt_decor_arrowhead, uniq_sigmund, uniq_grinder, uniq_natasha
D:4:      layout_basic, amcnicky_mini_rare_corridor_liquid,
          roderic_roman_lattice, minmay_misc_feat_alley, uniq_pikel
D:5:      layout_loops_ring, minmay_temple_entry_wispy, gup_sewer_entry_glass

Skill      XL: |  1  2  3  4  5  6 |
---------------+-------------------+-----
Summonings     | 5 6 7 |  7.2
Fighting       | 1 2 |  2.9
Dodging        | 3 4 |  4.0
Spellcasting   | 3 |  3.4
Stealth        | |  2.0

Action                   |  1- 3 |  4- 6 |  7- 9 || total
-------------------------+-------+-------+-------++-------
Melee: Unarmed           |    54 |       |       ||    54
       Kick              |    13 |    15 |     2 ||    30
       Peck              |    11 |     7 |     1 ||    19
       Trident           |    28 |    77 |     9 ||   114
 Cast: Summon Small Mamm |    27 |    26 |     1 ||    54
       Call Imp          |    18 |    25 |     1 ||    44
       Call Canine Famil |     1 |     4 |     1 ||     6
       Summon Guardian G |       |       |     1 ||     1
  Use: Potion            |     1 |       |       ||     1
       Scroll            |       |     7 |       ||     7
 Stab: Sleeping          |     3 |     1 |       ||     4
Armor: Robe              |    23 |    17 |       ||    40
Dodge: Dodged            |    70 |    98 |     6 ||   174

Table legend: (Time is in decaauts)
 A = Elapsed time spent in this place.
 B = Non-inter-level travel time spent in this place.
 C = Inter-level travel time spent in this place.
 D = Time resting spent in this place.
 E = Time spent auto-exploring this place.
 F = Levels seen in this place.
 G = Mean time per level.
                   A        B        C        D        E       F      G
               +--------+--------+--------+--------+--------+-----+--------+
         Total |   5960 |   5752 |    208 |    372 |   4558 |   5 | 1192.0 |
       Dungeon |   5960 |   5752 |    208 |    372 |   4558 |   5 | 1192.0 |
               +--------+--------+--------+--------+--------+-----+--------+

Top non-repeatable levels by time:
     D:1: 2308 daAuts
     D:2: 1908 daAuts
     D:3: 1433 daAuts
     D:4: 281 daAuts
     D:5: 28 daAuts
